 Dungeon Crawl Stone Soup version 0.24.0-124-g2791043dd8 (webtiles) character file.

Game seed: 9297090615267397432, levelgen mode: deterministic

71 Braveman the Skirmisher (level 4, 0/91 HPs)
             Began as a Hill Orc Berserker on Feb 14, 2020.
             Was a Believer of Trog.
             Slain by a hobgoblin
             ... wielding a +0 club
              (2 damage)
             ... on level 3 of the Dungeon.
             The game lasted 00:16:00 (1856 turns).

Braveman the Skirmisher (Hill Orc Berserker)        Turns: 1856, Time: 00:16:00

Health: 0/91       AC: 22    Str: 25    XL:     4   Next: 24%
Magic:  4/4        EV:  2    Int:  7    God:    Trog [**....]
Gold:   57         SH:  0    Dex: 10    Spells: 3/3 levels left

rFire    . . .     SeeInvis .   e - +0 whip (freeze)
rCold    . . .     Gourm    .   (no shield)
rNeg     + + +     Faith    .   (armour currently unavailable)
rPois    +         Spirit   .   (helmet currently unavailable)
rElec    .         Reflect  .   (cloak currently unavailable)
rCorr    .         Harm     .   (gloves currently unavailable)
MR       .....     NoTele   +   (boots currently unavailable)
Stlth    ..........             (no amulet)
HPRegen  0.25/turn              (no ring)
MPRegen  0.09/turn              (no ring)

@: berserking, tree-form, very quick
A: no striking features
a: Berserk, Trog's Hand, Renounce Religion


You were on level 3 of the Dungeon.
You worshipped Trog.
Trog was pleased with you.
You were not hungry.
You were a tree.
You visited 1 branch of the dungeon, and saw 3 of its levels.

You collected 57 gold pieces.

Inventory:

Hand Weapons
 a - a +0 mace
 e - a +0 whip of freezing (weapon)
 k - a +0 hunting sling
 l - a +0 hunting sling
Missiles
 d - 50 bolts
 o - 20 poisoned darts (quivered)
 r - 14 arrows
Armour
 b - a +1 animal skin (melded)
 h - a +0 pair of gloves (melded)
 i - a +0 centaur barding
Scrolls
 j - a scroll of remove curse {unknown}
 m - 3 scrolls of identify
 n - 3 scrolls of teleportation {unknown}
 s - a scroll of amnesia {unknown}
Potions
 g - a potion of mutation {unknown}
Comestibles
 c - 2 rations


   Skills:
 + Level 4.5 Fighting
 + Level 4.1 Maces & Flails
 + Level 2.5 Armour
 + Level 2.1 Dodging
 + Level 0.1 Stealth


You had 3 spell levels left.
You didn't know any spells.
Your spell library was empty.

Dungeon Overview and Level Annotations

Branches:
Dungeon (3/15)

Altars:
Gozag
Okawaru


Message History

Unknown command.
You whack the worm! You freeze the worm.
The worm is severely wounded.
The rat bites you but does no damage.
The giant cockroach bites you but does no damage.
The worm bites you.
* * * LOW HITPOINT WARNING * * *
You whack the worm! You freeze the worm.
You kill the worm!
Trog accepts your kill.
You can now call upon Trog for regeneration and magic resistance.
The hobgoblin hits you but does no damage.
The giant cockroach barely misses you. The rat bites you.
* * * LOW HITPOINT WARNING * * *
You barely miss the kobold.
The giant cockroach bites you but does no damage.
The kobold zaps a wand.
You resist with some effort.
You barely miss the kobold. The rat bites you but does no damage.
The hobgoblin hits you with a +0 club.
You die...

##.........†.......##...
#.###............##...#
#. #.#.#.#.#.#.#.#...$.#
#. #....................
#.#.#.#.#.#.#.#.#.......
#.....................
..#.#.#.#.#.#.#.#.....#
...........s..........#
#.#.#.#.#.#♣#.#.#..#.#
..........gKr.......#
#.#.#.#S#(#.#.#.##
...............#
#?#.#.#.#.#.#[#..
............K.....
.#.#.#r#$#.#.#.... s
...... .... .. #.#.#.#
#.#..


You could see an adder, a giant cockroach, a hobgoblin, a kobold and a rat.

Vanquished Creatures
  3 gnolls (D:2)
  An ooze (D:1)
  2 worms
  A dart slug (D:3)
  2 leopard geckos
  A ball python (D:3)
  5 bats
  A giant cockroach (D:3)
  3 hobgoblins
  A kobold (D:1)
  A frilled lizard (D:2)
  5 goblins
  A rat (D:1)
27 creatures vanquished.

Notes
Turn   | Place    | Note
-------+----------+-------------------------------------------
     0 | D:1      | Braveman the Hill Orc Berserker began the quest for the
                  | Orb.
     0 | D:1      | Reached XP level 1. HP: 19/19 MP: 1/1
   409 | D:1      | Reached XP level 2. HP: 13/27 MP: 2/2
   555 | D:2      | Reached XP level 3. HP: 14/34 MP: 3/3
  1122 | D:2      | Found an iron altar of Okawaru.
  1668 | D:3      | Found an opulent altar of Gozag.
  1710 | D:3      | Reached XP level 4. HP: 38/41 MP: 4/4
  1728 | D:3      | Found a faded altar of an unknown god.
  1853 | D:3      | HP: 4/91 [worm (4)]
  1854 | D:3      | Reached ** piety under Trog
  1856 | D:3      | Slain by a hobgoblin

Levels and vault maps discovered:
D:1:      ncdulo_halloftheorcs, layout_rooms, minmay_door_square
D:2:      layout_basic, okawaru_metal_pillars_3
D:3:      layout_loops_ring, grunt_gozag_statues, first_ration,
          chequers_ecumenical_altar_island, hex_large, hex_tiny

Skill      XL: |  1  2  3 |
---------------+----------+-----
Fighting       | 4 |  4.5
Maces & Flails | 4 |  4.1
Dodging        | 2 |  2.1
Armour         | |  2.5
Stealth        | |  0.1

Action                   |  1- 3 |  4- 6 || total
-------------------------+-------+-------++-------
Melee: Mace              |    55 |       ||    55
       Whip              |    33 |    27 ||    60
Throw: Dart              |       |     4 ||     4
  Use: Scroll            |     2 |       ||     2
       Potion            |     1 |     3 ||     4
 Stab: Sleeping          |     1 |       ||     1
  Eat: Ration            |     1 |       ||     1
Armor: Animal skin       |    21 |    24 ||    45
       Skin              |    24 |     9 ||    33
Dodge: Dodged            |    54 |    40 ||    94
